 Dungeon Crawl Stone Soup version 0.24-a0-458-gfcb5e6da0e (webtiles) character file.

Game seed: 12395020622465831964

136 Mrkan the Chopper (level 4, 0/42 HPs)
             Began as a Deep Dwarf Fighter on June 26, 2019.
             Slain by Sigmund
             ... wielding a +0 scythe
              (1 damage)
             ... on level 3 of the Dungeon.
             The game lasted 00:04:34 (1889 turns).

Mrkan the Chopper (Deep Dwarf Fighter)              Turns: 1889, Time: 00:04:35

Health: 0/42       AC:  8    Str: 19    XL:     4   Next: 98%
Magic:  2/2        EV:  7    Int:  9    God:
Gold:   88         SH:  9    Dex: 13    Spells: 3/3 levels left

rFire    . . .     SeeInvis .   a - +0 war axe
rCold    . . .     Gourm    .   c - +0 shield
rNeg     . . .     Faith    .   b - +0 scale mail
rPois    .         Spirit   .   i - +0 helmet
rElec    .         Reflect  .   (no cloak)
rCorr    .         Harm     .   (no gloves)
MR       .....                  (no boots)
Stlth    ..........             (no amulet)
HPRegen  0.00/turn              (no ring)
MPRegen  0.08/turn              (no ring)

@: non-regenerating
A: damage resistance, heal wounds, sense surroundings 1, no regeneration
a: Heal Wounds


You were on level 3 of the Dungeon.
You were not hungry.

You visited 1 branch of the dungeon, and saw 3 of its levels.

You collected 88 gold pieces.

Inventory:

Hand Weapons
 a - a +0 war axe (weapon)
 q - a +0 hunting sling
Missiles
 m - a throwing net (quivered)
 r - 27 stones
 t - 6 javelins
Armour
 b - a +0 scale mail (worn)
 c - a +0 shield (worn)
 i - a +0 helmet (worn)
Scrolls
 e - a scroll of fog {unknown}
 j - a scroll of remove curse {unknown}
 k - a scroll of magic mapping {unknown}
 o - 2 scrolls of identify {unknown}
 p - a scroll of enchant weapon {unknown}
Potions
 d - a potion of might
 h - 2 potions of curing {unknown}
 l - a potion of haste {unknown}
 n - 2 potions of brilliance {unknown}
 s - a potion of ambrosia {unknown}
 u - a potion of flight {unknown}
Comestibles
 f - 4 rations
 g - 3 chunks of flesh


   Skills:
 + Level 3.5 Fighting
 * Level 4.3 Axes
 - Level 3.2 Armour
 + Level 4.1 Shields


You had 3 spell levels left.
You didn't know any spells.
Your spell library was empty.

Dungeon Overview and Level Annotations

Branches:
Dungeon (3/15)

Altars:

Annotations:
D:3 Sigmund


Innate Abilities, Weirdness & Mutations

You are resistant to damage.
You can heal yourself by infusing magical energy.
You passively map a small area around you.
You do not regenerate.


Message History

You kill the giant cockroach!
Sigmund mumbles some strange words.
Sigmund flickers and vanishes!
Deactivating autopickup; reactivate with Ctrl-A.
You slash the ogre!
The ogre is heavily wounded.
The ogre closely misses you.
You slash the ogre!
The ogre is severely wounded.
Something hits you! The ogre hits you but does no damage.
You hit the ogre but do no damage.
The ogre is severely wounded.
The ogre hits you with a +0 giant club!!
You block something's attack.
You hit the ogre.
The ogre is almost dead.
The ogre hits you with a +0 giant club!!
* * * LOW HITPOINT WARNING * * *
Something hits you.
You die...

#.#.# * ##.#.#
# #####..O.# *
,. #...s....#
## #.###...##
#...##<##
###.##.#######
#O##.#.....#
#@##.#.....#
#.##.>.....##
,
#.###.......##
* ###
##<......# * *
* #..(......
*#.......##* ,
,*#......## ,
, #.....##
##....##


You could see an ogre.

Vanquished Creatures
  3 gnolls (D:2)
  2 adders (D:2)
  An ooze (D:1)
  2 worms (D:2)
  3 dart slugs
  2 leopard geckos
  A ball python (D:3)
  5 giant cockroaches
  11 hobgoblins
  5 jackals
  6 kobolds
  7 bats
  5 frilled lizards
  7 goblins
  13 rats
73 creatures vanquished.

Vanquished Creatures (others)
  5 toadstools (D:1)
5 creatures vanquished.

Grand Total: 78 creatures vanquished

Notes
Turn   | Place    | Note
-------+----------+-------------------------------------------
     0 | D:1      | Mrkan the Deep Dwarf Fighter began the quest for the Orb.
     0 | D:1      | Reached XP level 1. HP: 20/20 MP: 1/1
   201 | D:1      | Reached XP level 2. HP: 25/27 MP: 2/2
   491 | D:1      | Reached XP level 3. HP: 28/34 MP: 3/3
   807 | D:2      | Reached XP level 4. HP: 27/42 MP: 3/3
  1036 | D:2      | Noticed a hippogriff
  1828 | D:3      | Noticed Sigmund
  1839 | D:3      | Noticed an ogre
  1889 | D:3      | HP: 1/42 [ogre/+0 giant club (16)]
  1889 | D:3      | Slain by Sigmund

Levels and vault maps discovered:
D:1:      ldierk_walled_garden, layout_basic
D:2:      layout_basic, minivault_23
D:3:      layout_loops_ring, nicolae_overflow_hidden_temple,
          minmay_misc_feat_roman, uniq_sigmund

Skill      XL: |  1  2  3  4 |
---------------+-------------+-----
Axes           | 3 4 |  4.3
Fighting       | 3 |  3.5
Shields        | 4 |  4.1
Armour         | |  3.2

Action                   |  1- 3 |  4- 6 || total
-------------------------+-------+-------++-------
Melee: War axe           |   114 |   154 ||   268
 Abil: Heal Wounds       |     1 |     2 ||     3
  Eat: Chunk             |       |     4 ||     4
Armor: Scale mail        |    44 |    62 ||   106
Dodge: Dodged            |    42 |    44 ||    86
Block: Shield            |    60 |    99 ||   159

Table legend:
 A = Non-vault XP
 B = Vault XP
 C = Vault XP percentage of total XP
 D = Non-vault monster count
 E = Vault monster count
 F = Vault count percentage of total count
                 A         B        C        D         E       F
            +---------+---------+-------+---------+---------+-------
      Total |     195 |       0 |   0.0 |      73 |       0 |   0.0
            +---------+---------+-------+---------+---------+-------
        D:1 |      51 |       0 |   0.0 |      29 |       0 |   0.0
        D:2 |     105 |       0 |   0.0 |      25 |       0 |   0.0
        D:3 |      39 |       0 |   0.0 |      19 |       0 |   0.0
            +---------+---------+-------+---------+---------+-------
